 Dungeon Crawl Stone Soup version 0.28-a0-1406-ga8dd43b1d0 (webtiles) character file.

Game seed: 636511752526680661

45 Deminshera the Skirmisher (level 3, -5/24 HPs)
             Began as a Gargoyle Fighter on Jan 6, 2022.
             Killed by divine providence
             ... invoked by an orc priest
              (13 damage)
             ... on level 2 of the Dungeon.
             The game lasted 00:01:24 (963 turns).

Deminshera the Skirmisher (Gargoyle Fighter)         Turns: 963, Time: 00:01:24

Health: -5/24      AC: 10    Str: 21    XL:     3   Next: 64%
Magic:  3/3        EV:  9    Int:  8    God:
Gold:   110        SH:  4    Dex:  9    Spells: 2/2 levels left

rFire   . . .      SeeInvis .   h - +3 mace
rCold   . . .      Faith    .   c - +0 buckler
rNeg    + . .      Spirit   .   b - +0 scale mail
rPois   ∞          Reflect  .   (no helmet)
rElec   +          Harm     .   (no cloak)
rCorr   .          Rampage  .   (no gloves)
Will    .....                   (no boots)
Stlth   ..........              (no amulet)
HPRegen 0.08/turn               (no ring)
MPRegen 0.08/turn               (no ring)

@: no status effects
A: sickness immunity, AC +3, negative energy resistance 1, electricity
resistance, torment resistance 1, petrification resistance
a: no special abilities


You were on level 2 of the Dungeon.
You visited 1 branch of the dungeon, and saw 2 of its levels.

You collected 110 gold pieces.

Inventory:

Hand Weapons
 h - a +3 mace (weapon)
Armour
 b - a +0 scale mail (worn)
 c - a +0 buckler (worn)
Scrolls
 e - a scroll of identify {unknown}
 g - a scroll of silence {unknown}
Potions
 d - a potion of might
 f - a potion of curing {unknown}


   Skills:
 + Level 3.8 Fighting
 + Level 2.5 Maces & Flails
 + Level 3.7 Armour
 + Level 3.7 Shields


You had 2 spell levels left.
You didn't know any spells.
Your spell library contained the following spells:

 Spells                   Type           Power      Damage    Failure   Level
 Passwall                 Tmut/Erth      0%         N/A       93%         2
 Ozocubu's Armour         Ice            0%         N/A       99%         3
 Swiftness                Air            0%         N/A       99%         3
 Metabolic Englaciation   Hex/Ice        0%         N/A       100%        5
 Simulacrum               Ice/Necr       0%         N/A       100%        6


Dungeon Overview and Level Annotations

Branches:
Dungeon (2/15)

Altars:

Shops:
D:1 :


Innate Abilities, Weirdness & Mutations

You are immune to sickness and miasma.
Your stone body is resilient. (AC +3)
You are immune to poison.
You resist negative energy. (rN+)
You are resistant to electric shocks. (rElec)
You are resistant to unholy torment.
You are immune to petrification.


Message History

a +0 whip; 5 stones
Found a glowing mace.
You now have 95 gold pieces (gained 13).
Found a stone staircase leading up.
You now have 110 gold pieces (gained 15).
Found a stone staircase leading up.
You see here a +3 mace.
h - a +3 mace
h - a +3 mace (weapon)
Drop what? 8/52 slots (_ for help) (? for menu, Esc to quit)
You drop a +0 flail.
A dart slug comes into view.
Found 16 stones.
The dart slug launches a dart at you. The slug dart hits you.
A dart slug is nearby!
A dart slug is nearby!
A dart slug is nearby!
A rat comes into view.
The rat moves out of view.
You sock the dart slug!
The dart slug is almost dead.
The dart slug launches a dart at you.
The slug dart hits you but does no damage.
You sock the dart slug!
You kill the dart slug!
No target in view! 2 orcs come into view.
There are monsters nearby!
There are monsters nearby! 2 orcs, 2 orc priests and an orc wizard come into view.
The orc shouts!
The orc priest shouts! x2; The orc wizard shouts!
The orc shouts!
You hear an angry hiss.
The orc priest mumbles some strange prayers to Beogh against you.
Beogh smites you!
Ouch! That really hurt!
The orc priest invokes the aid of Beogh against you.
Beogh smites you!
Ouch! That really hurt!
You die...

... ########### ....####
#..(....... #.. ...#..#
#..@....... #...
..#..####..#....... #..<
#.#....##..#.......
#...##.#........#...o...
#........)......#ro.o...
#.........##.#..#o...o..
###......<..#..#......o
#.....#.####..#...o...
#.....#..# #..#


You could see 2 orc priests, an orc wizard, 4 orcs and a rat.

Vanquished Creatures
  5 dart slugs
  2 endoplasms
  A giant cockroach (D:1)
  A goblin (D:2)
  4 hobgoblins
  4 jackals
  3 kobolds
  4 ball pythons (D:1)
  6 bats
  4 rats
34 creatures vanquished.

Notes
Turn   | Place    | Note
-------+----------+-------------------------------------------
     0 | D:1      | Deminshera the Gargoyle Fighter began the quest for the
                  | Orb.
     0 | D:1      | Reached XP level 1. HP: 14/14 MP: 1/1
   194 | D:1      | Reached XP level 2. HP: 12/19 MP: 2/2
   398 | D:1      | Found Kimmuaj's Book Shop.
   409 | D:1      | Reached XP level 3. HP: 20/23 MP: 3/3
   675 | D:1      | Found a faded altar of an unknown god.
   963 | D:2      | Killed from afar by an orc priest

Illustrated notes

Levels and vault maps discovered:
D:1:      minmay_arrival_four_loops, layout_rooms, serial_shops, shop,
          basic_ecumenical_altar, st_stairs_11, minmay_tetromino_o2
D:2:      cheibrodos_pilgrimage, layout_rooms

Action                   || total
-------------------------++-------
Melee: Flail             ||    81
       Mace              ||     2
Armor: Scale mail        ||    71
Dodge: Dodged            ||    44
Block: Buckler           ||    19

Table legend: (Time is in decaauts)
 A = Elapsed time spent in this place.
 B = Non-inter-level travel time spent in this place.
 C = Inter-level travel time spent in this place.
 D = Time resting spent in this place.
 E = Time spent auto-exploring this place.
 F = Levels seen in this place.
 G = Mean time per level.
                   A        B        C        D        E       F      G
               +--------+--------+--------+--------+--------+-----+--------+
         Total |    988 |    986 |      2 |      0 |    785 |   2 |  494.0 |
       Dungeon |    988 |    986 |      2 |      0 |    785 |   2 |  494.0 |
               +--------+--------+--------+--------+--------+-----+--------+

Top non-repeatable levels by time:
     D:1: 839 daAuts
     D:2: 149 daAuts
